Map: Ascension to Aiur LE

Players

JagrsMullets - Winner!

  • Race: Protoss Protoss
  • Spawn Location: 5:00

A.I. 1 (Harder)

  • Race: Terran Terran
  • Spawn Location: 11:00

VOD

Have the link to the VOD?

Description

Time

  • Played on: Dec. 21, 2017, 8:07 p.m.
  • Length: 21:37
Show
View Real Time Build Order
Export as new Build Order

JagrsMullets Protoss - Winner!

Build Orders:  

Get SALT Encoding   

  12  0:02  Probe (Chrono Boost)  
  13  0:12  Probe (Chrono Boost)  
  14  0:16  Probe (Chrono Boost)  
  15  0:23  Pylon  
  15  0:41  Probe  
  16  0:48  Forge  
  16  0:53  Probe  
  17  0:57  Gateway  
  17  1:05  Probe  
  17  1:06  Assimilator  
  18  1:22  Pylon  
  18  1:29  Pylon  
  18  1:33  Probe (Chrono Boost)  
  19  1:42  Probe (Chrono Boost)  
  19  1:44  Photon Cannon  
  20  1:47  Probe  
  20  1:50  Photon Cannon  
  21  1:59  Probe  
  21  2:01  Photon Cannon  
  22  2:11  Photon Cannon  
  22  2:18  Photon Cannon  
  22  2:21  Probe (Chrono Boost)  
  23  2:29  Pylon  
  23  2:41  Assimilator  
  23  2:52  Cybernetics Core  
  23  3:15  Nexus  
  23  3:19  Photon Cannon  
  23  3:25  Photon Cannon  
  23  3:40  Stargate  
  23  3:54  Assimilator  
  23  3:57  Assimilator  
  23  4:00  Photon Cannon  
  23  4:05  Photon Cannon  
  23  4:13  Photon Cannon  
  23  4:36  Fleet Beacon  
  23  4:43  Probe (Chrono Boost)  
  25  4:54  Probe (Chrono Boost)  
  26  5:01  Probe (Chrono Boost)  
  26  5:08  Probe (Chrono Boost)  
  26  5:13  Stargate, Probe (Chrono Boost)  
  27  5:20  Probe  
  29  5:32  Photon Cannon, Probe  
  30  5:42  Photon Cannon  
  30  5:43  Probe (Chrono Boost)  
  30  5:44  Probe (Chrono Boost)  
  32  6:11  Pylon  
  32  6:14  Pylon  
  32  6:16  Probe (Chrono Boost)  
  33  6:24  Carrier (Chrono Boost)  
  33  6:28  Probe (Chrono Boost)  
  40  6:33  Probe (Chrono Boost)  
  41  6:45  Probe (Chrono Boost)  
  41  6:46  Probe (Chrono Boost)  
  43  6:54  Photon Cannon  
  43  6:56  Photon Cannon, Probe (Chrono Boost)  
  43  6:59  Probe (Chrono Boost)  
  43  7:01  Probe (Chrono Boost)  
  45  7:06  Photon Cannon  
  46  7:11  Probe  
  47  7:18  Carrier  
  53  7:23  Probe  
  54  7:42  Photon Cannon  
  54  7:49  Pylon  
  54  7:56  Photon Cannon  
  54  7:59  Photon Cannon  
  54  8:05  Mothership (Chrono Boost)  
  54  8:10  Photon Cannon  
  62  8:15  Photon Cannon  
  62  8:28  Pylon  
  62  8:34  Pylon  
  62  8:43  Carrier (Chrono Boost)  
  68  8:49  Carrier (Chrono Boost)  
  74  9:13  Robotics Facility  
  74  9:19  Pylon  
  74  9:25  Pylon  
  74  9:27  Pylon  
  74  9:30  Pylon  
  74  9:46  Graviton Catapult  
  74  9:48  Protoss Shields Level 1  
  74  9:51  Probe  
  75  9:53  Protoss Air Armor Level 1  
  75  10:01  Carrier  
  81  10:07  Carrier  
  87  10:45  Robotics Facility  
  87  10:53  Twilight Council  
  87  10:58  Observer  
  88  11:04  Robotics Bay  
  88  11:15  Robotics Facility  
  88  11:28  Carrier  
  94  11:47  Protoss Air Weapons Level 1  
  94  11:48  Dark Shrine  
  94  11:51  Carrier  
  100  12:07  Protoss Shields Level 2  
  100  12:12  Observer Gravitic Boosters  
  100  12:54  Void Ray  
  103  13:14  Nexus  
  103  13:20  Assimilator  
  103  13:24  Assimilator  
  103  13:49  Colossus  
  109  13:59  Pylon  
  109  14:01  Pylon  
  109  14:03  Pylon  
  109  14:05  Pylon  
  109  14:11  Pylon  
  109  14:13  Pylon  
  109  14:15  Pylon  
  109  14:16  Colossus  
  109  14:18  Pylon  
  109  14:19  Colossus  
  121  14:43  Colossus  
  121  14:44  Carrier x2  
  139  14:46  Probe (Chrono Boost)  
  140  14:58  Probe (Chrono Boost)  
  141  15:02  Probe (Chrono Boost)  
  142  15:07  Protoss Shields Level 3  
  142  15:12  Probe  
  137  15:25  Probe  
  138  15:48  Colossus  
  138  15:49  Colossus  
  150  16:17  Dark Templar  
  152  16:51  Nexus  
  152  16:54  Colossus (Chrono Boost)  
  152  16:55  Colossus (Chrono Boost)  
  152  16:56  Dark Templar  
  166  17:05  Extended Thermal Lance (Chrono Boost)  
  166  17:19  Carrier  
  172  17:35  Dark Templar  
  174  18:02  Assimilator  
  174  18:07  Assimilator  
  174  18:41  Carrier  
  174  18:45  Carrier  
  186  20:07  Carrier  
Show
View Real Time Build Order
Export as new Build Order

A.I. 1 (Harder) Terran 

Build Orders:  

Get SALT Encoding   

  12  0:00  SCV  
  13  0:13  SCV  
  14  0:19  Supply Depot  
  14  0:25  SCV  
  15  0:40  SCV  
  16  0:43  Barracks  
  16  0:49  Refinery  
  16  0:52  SCV  
  17  1:04  SCV  
  18  1:16  SCV  
  19  1:22  Supply Depot  
  19  1:29  SCV, Marine  
  21  1:41  Barracks, Orbital Command  
  21  1:49  Barracks Tech Lab, Refinery  
  21  2:07  Marine, Supply Depot  
  22  2:20  Factory  
  22  2:25  Marine  
  23  2:43  Marine, Marauder  
  26  3:01  Marine  
  26  3:05  Marauder  
  29  3:06  Starport  
  29  3:11  Supply Depot  
  29  3:17  Hellion  
  29  3:19  Marine  
  32  3:26  Marine  
  33  3:37  Marine  
  33  3:39  Hellion  
  36  3:42  Viking  
  36  3:44  Marauder  
  36  3:45  Supply Depot  
  39  3:55  Marine  
  36  4:00  Hellion  
  36  4:05  Marine  
  36  4:12  Marine  
  36  4:13  Starport Tech Lab  
  35  4:21  Hellion  
  35  4:23  Marauder  
  38  4:30  Marine  
  39  4:32  Viking  
  41  4:43  Hellion  
  41  4:44  Marine  
  43  4:47  SCV  
  43  4:48  Marine  
  45  4:54  Supply Depot  
  45  4:59  SCV  
  46  5:02  Marine, Viking  
  46  5:04  Hellion  
  46  5:06  Marine  
  43  5:20  Marine  
  44  5:24  Marine  
  44  5:25  Hellion  
  44  5:32  Viking  
  41  5:37  Marine  
  41  5:41  Marine  
  38  5:43  SCV  
  38  5:47  Hellion  
  35  5:55  SCV, Marine  
  35  5:58  Factory  
  35  6:00  Barracks Tech Lab  
  33  6:07  SCV  
  33  6:09  Factory Tech Lab  
  32  6:13  Marine  
  31  6:18  Marauder  
  31  6:25  Starport  
  31  6:31  Marine  
  32  6:42  Factory Tech Lab  
  32  6:47  Command Center  
  32  6:53  Marine  
  33  6:58  Marine  
  32  7:02  Starport Tech Lab  
  32  7:11  Marine  
  33  7:16  Marauder  
  33  7:20  Stimpack  
  35  7:25  Combat Shields  
  35  7:29  Marauder  
  37  7:36  Engineering Bay  
  37  7:37  Reaper  
  38  7:55  Marine  
  39  8:03  Terran Infantry Armor Level 1  
  39  8:05  SCV  
  40  8:09  Marine  
  40  8:10  SCV  
  42  8:17  SCV  
  43  8:22  SCV  
  44  8:29  SCV  
  45  8:44  Concussive Shells  
  45  8:45  Command Center  
  45  9:05  Barracks  
  45  9:12  Factory  
  45  9:16  Starport  
  45  9:22  Raven  
  47  9:27  Raven  
  49  9:33  Marauder  
  51  9:52  Medivac  
  53  9:53  Barracks Reactor  
  53  9:57  Missile Turret, Factory Tech Lab  
  53  10:04  Marine, Missile Turret  
  54  10:07  Marine  
  54  10:08  Raven  
  54  10:14  Medivac  
  59  10:22  Marine  
  59  10:23  Starport Reactor  
  59  10:25  Marine, Refinery  
  61  10:28  Marine  
  61  10:31  Marine  
  63  10:36  Refinery  
  63  10:40  Marine  
  64  10:43  Marine  
  64  10:44  Medivac  
  64  10:48  Refinery  
  67  10:55  SCV  
  68  10:58  Marauder  
  68  10:59  Ghost Academy  
  68  11:01  Marauder  
  72  11:04  SCV  
  72  11:08  SCV x2  
  75  11:15  Terran Infantry Weapons Level 1  
  75  11:16  SCV  
  76  11:20  SCV, Marauder  
  76  11:21  SCV  
  76  11:23  Marauder  
  82  11:26  Supply Depot  
  82  11:32  SCV  
  83  11:34  SCV x2  
  83  11:38  Marine x2  
  87  11:40  Ghost  
  87  11:43  Marine  
  87  11:44  SCV  
  91  11:51  Supply Depot  
  91  11:56  Marine x2  
  93  12:01  Marine  
  94  12:09  Marine  
  94  12:14  Marine x2  
  94  12:15  Supply Depot  
  97  12:19  Marine  
  98  12:27  SCV, Marauder  
  98  12:28  SCV  
  102  12:30  SCV  
  102  12:32  Marine x2  
  102  12:37  Ghost  
  105  12:39  SCV, Supply Depot  
  105  12:40  SCV  
  105  12:42  SCV  
  110  12:49  Marine, Marauder  
  113  12:51  SCV  
  113  12:52  Armory  
  113  12:56  SCV  
  113  12:58  SCV  
  116  13:03  SCV  
  116  13:04  Supply Depot  
  117  13:09  SCV  
  117  13:10  SCV  
  118  13:15  SCV  
  119  13:21  SCV  
  119  13:23  SCV  
  121  13:28  SCV, Supply Depot  
  121  13:33  SCV  
  123  13:35  SCV  
  123  13:39  Terran Ship Weapons Level 1  
  123  13:40  SCV, Terran Infantry Weapons Level 2  
  125  13:45  SCV  
  126  13:53  Supply Depot  
  126  14:32  Refinery  
  126  14:42  Missile Turret  
  126  14:45  Missile Turret  
  126  14:50  Bunker  
  126  14:51  Missile Turret  
  126  14:52  Missile Turret  
  126  15:05  Engineering Bay  
  126  15:07  Bunker  
  126  15:11  High Capacity Fuel Tanks  
  126  15:12  Command Center, Bunker  
  125  15:14  Marine x2  
  125  15:15  Marine  
  125  15:16  Marine  
  100  15:27  Raven x2  
  72  15:30  Neosteel Frame  
  72  15:32  Marine x2  
  72  15:33  Marine, Terran Vehicle Weapons Level 1  
  72  15:34  Marine  
  72  15:38  Medivac  
  72  15:40  Medivac  
  76  15:50  Marine, Marauder  
  76  15:51  Marine  
  76  15:52  Marine  
  81  16:08  Marine, Medivac  
  81  16:09  Marine  
  81  16:10  Raven, Marauder  
  81  16:11  Marine  
  90  16:25  Marine  
  90  16:26  Marine  
  90  16:27  Refinery  
  90  16:29  Marauder  
  90  16:31  Marine  
  90  16:32  Refinery  
  95  16:40  Missile Turret  
  95  16:43  Marine, Missile Turret  
  95  16:44  Marine  
  95  16:45  Sensor Tower  
  97  16:49  Ghost  
  97  16:50  Marine  
  100  17:00  Fusion Core  
  100  17:01  Marine  
  100  17:02  Marine  
  100  17:03  Bunker  
  100  17:08  Armory  
  102  17:09  Marauder  
  104  17:18  Marauder  
  104  17:19  Marine  
  104  17:20  Marine  
  108  17:30  Marauder  
  108  17:37  Marine  
  110  17:38  Marine  
  110  17:39  Marine  
  110  17:40  Hi-Sec Auto Tracking  
  113  17:45  Terran Infantry Weapons Level 3  
  115  17:51  Marauder  
  115  17:54  Marine  
  115  17:55  Marine  
  115  17:57  Marauder, Siege Tank  
  122  18:00  Widow Mine  
  122  18:03  Thor  
  130  18:08  Supply Depot  
  132  18:13  Marauder  
  132  18:18  Ghost  
  130  18:25  Widow Mine  
  89  18:27  Marine  
  89  18:29  Raven  
  89  18:30  Marine  
  89  18:33  Marine  
  93  18:36  Thor  
  99  18:41  Raven  
  99  18:45  Marine  
  99  18:47  Marine x2  
  99  18:48  Medivac  
  106  18:51  Marine, Siege Tank  
  106  18:54  Medivac, Siege Tank  
  115  19:09  SCV  
  115  19:11  Marine  
  115  19:12  Raven  
  115  19:14  Marauder  
  103  19:17  SCV x2  
  103  19:18  SCV  
  103  19:19  Hellion  
  103  19:22  Marine  
  103  19:24  Hellion  
  107  19:27  Marine, Hellion  
  107  19:29  SCV, Marauder  
  107  19:30  SCV  
  103  19:32  Viking  
  103  19:35  Marauder  
  85  19:40  Marine, Hellion  
  85  19:45  Marine, Siege Tank  
  89  19:50  Marine, Widow Mine  
  91  19:54  Armory  
  91  19:55  Viking  
  91  19:57  Marine  
  91  19:58  Marine  
  74  20:02  Marine, Widow Mine  
  70  20:08  Marine, Supply Depot  
  70  20:15  SCV, Raven  
  70  20:16  SCV  
  70  20:17  Marine  
  70  20:20  Marine  
  41  20:24  Hellion  
  41  20:25  Marine, Medivac  
  41  20:27  SCV  
  41  20:28  Hellion  
  46  20:35  SCV  
  43  20:39  Marine  
  24  20:44  Marauder  
  24  20:47  SCV  
  15  20:55  Viking  
  14  20:59  SCV, Starport Reactor  
Tags
 
Add a new tag
Caveats
  • Supply blocks, unpowered buildings, or Contaminate may cause inaccurate times.
  • Supply counts are checked every 10 seconds.